| TOP OF THE 1ST |
|
Eugene Emeralds batting - Pitching for Rome Braves : RHP Jimmy Loudner
|
|
Pitching: RHP Jimmy Loudner
|
|
|
Batting: RHB Du Kim
|
0-0: Ball 1-0: Swinging Strike 1-1: Swinging Strike 1-2: Ball 2-2: Foul Ball, location: 2F 2-2: Fly out, F7 (Flyball, 7, EV 78.1 MPH)
|
|
Batting: RHB Eric Wiss
|
0-0: Ball 1-0: Foul Ball, location: 2F 1-1: TRIPLE (Flyball, 8LXD, EV 93.8 MPH)
|
|
Batting: RHB Taylor Garofalo
|
0-0: Called Strike 0-1: Foul Ball, location: 2F 0-2: Ball 1-2: Foul Ball, location: 2F 1-2: Ground out 4-3 (Groundball, 4, EV 100.0 MPH) Eric Wiss scores
|
|
Batting: RHB Ryan Bush
|
0-0: SINGLE (Line Drive, 4M, EV 107.5 MPH)
|
|
Batting: RHB Bill Holmes
|
0-0: Fly out, F6 (Line Drive, 6, EV 69.4 MPH)
|
| Top of the 1st over - 1 run, 2 hits, 0 errors, 1 left on base; Eugene 1 - Rome 0 |
| BOTTOM OF THE 1ST |
|
Rome Braves batting - Pitching for Eugene Emeralds : RHP Carlos Zavala
|
|
Pitching: RHP Carlos Zavala
|
|
|
Batting: SHB Jose Melendez
|
0-0: Called Strike 0-1: Ball 1-1: Foul Ball, location: 2F 1-2: Strikes out looking
|
|
Batting: RHB Adrian Billups
|
0-0: Ball 1-0: Fly out, F9 (Flyball, 9, EV 88.8 MPH)
|
|
Batting: RHB Yojiro Hayashi
|
0-0: Called Strike 0-1: SINGLE (Groundball, P, EV 85.6 MPH) (infield hit)
|
|
Batting: LHB Javier Rubio
|
0-0: Ball Yojiro Hayashi is caught stealing 2nd base 2-6
|
| Bottom of the 1st over - 0 runs, 1 hit, 0 errors, 0 left on base; Eugene 1 - Rome 0 |
| TOP OF THE 2ND |
|
Eugene Emeralds batting - Pitching for Rome Braves : RHP Jimmy Loudner
|
|
Batting: RHB Tim Long
|
0-0: Ball 1-0: Foul Ball, location: 2F 1-1: Ball 2-1: Swinging Strike 2-2: Ball 3-2: Strikes out looking
|
|
Batting: RHB Jerry Blas
|
0-0: Ball 1-0: Ball 2-0: Called Strike 2-1: Swinging Strike 2-2: Foul Ball, location: 2F 2-2: Ball 3-2: Base on Balls
|
|
Batting: RHB Josh Asch
|
0-0: Ball 1-0: Ball 2-0: Fly out, F7 (Flyball, 7, EV 94.4 MPH)
|
|
Batting: RHB Jonathan Ridgely
|
0-0: Ball 1-0: Foul Ball, location: 2F 1-1: Foul Ball, location: 2F 1-2: Foul Ball, location: 2F 1-2: Foul Ball, location: 2F 1-2: Ball 2-2: Strikes out swinging
|
| Top of the 2nd over - 0 runs, 0 hits, 0 errors, 1 left on base; Eugene 1 - Rome 0 |
| BOTTOM OF THE 2ND |
|
Rome Braves batting - Pitching for Eugene Emeralds : RHP Carlos Zavala
|
|
Batting: LHB Javier Rubio
|
0-0: Swinging Strike 0-1: Foul Ball, location: 2F 0-2: Strikes out looking
|
|
Batting: SHB Jordan Barragan
|
0-0: Ball 1-0: Ground out 6-3 (Groundball, 6, EV 99.4 MPH)
|
|
Batting: LHB Joe Phillips
|
0-0: Ball 1-0: Ball 2-0: SINGLE (Groundball, 3D, EV 98.1 MPH)
|
|
Batting: LHB Ryan Murdock
|
Pickoff Throw to First - Out! 1-3
|
| Bottom of the 2nd over - 0 runs, 1 hit, 0 errors, 0 left on base; Eugene 1 - Rome 0 |
| TOP OF THE 3RD |
|
Eugene Emeralds batting - Pitching for Rome Braves : RHP Jimmy Loudner
|
|
Batting: RHB Du Kim
|
0-0: Called Strike 0-1: Ball 1-1: Called Strike 1-2: Strikes out swinging
|
|
Batting: RHB Eric Wiss
|
0-0: Ground out 6-3 (Groundball, 6S, EV 89.4 MPH)
|
|
Batting: RHB Taylor Garofalo
|
0-0: SINGLE (Line Drive, 3D, EV 95.0 MPH)
|
|
Batting: RHB Ryan Bush
|
0-0: Ball 1-0: Ball 2-0: Foul Ball, location: 2F 2-1: Called Strike 2-2: Ball 3-2: Strikes out swinging
|
| Top of the 3rd over - 0 runs, 1 hit, 0 errors, 1 left on base; Eugene 1 - Rome 0 |
| BOTTOM OF THE 3RD |
|
Rome Braves batting - Pitching for Eugene Emeralds : RHP Carlos Zavala
|
|
Batting: LHB Ryan Murdock
|
0-0: Ball 1-0: Swinging Strike 1-1: Reached on error, E5 (Groundball, 56S, EV 85.6 MPH)
|
|
Batting: RHB Gerard Michel
|
0-0: Ball Ryan Murdock steals 2nd, throwing error, E2 Ryan Murdock to third 1-0: Called Strike 1-1: Foul Ball, location: 2F 1-2: Ball 2-2: Foul Ball, location: 2F 2-2: SINGLE (Groundball, 6MD, EV 101.9 MPH) Ryan Murdock scores
|
|
Batting: RHB Adonis Jenifer
|
0-0: Ball 1-0: Swinging Strike 1-1: Ball 2-1: Foul Ball, location: 2F 2-2: Strikes out looking
|
|
Batting: SHB Jose Melendez
|
0-0: Ball 1-0: Ball 2-0: Foul Ball, location: 2F 2-1: Ball 3-1: Base on Balls Gerard Michel to second
|
|
Batting: RHB Adrian Billups
|
0-0: Ball 1-0: Swinging Strike 1-1: Called Strike 1-2: Ball 2-2: Foul Ball, location: 2F 2-2: Ball 3-2: TRIPLE (Groundball, 3L, EV 106.9 MPH) Gerard Michel scores Jose Melendez scores
|
|
Batting: RHB Yojiro Hayashi
|
0-0: Fly out, F7 (Flyball, 7D, EV 101.9 MPH) Runner from 3rd tags up, SCORES, no throw by LF
|
|
Batting: LHB Javier Rubio
|
0-0: Ball 1-0: Foul Ball, location: 2F 1-1: Swinging Strike 1-2: Ball 2-2: Ball 3-2: Strikes out looking
|
| Bottom of the 3rd over - 4 runs, 2 hits, 2 errors, 0 left on base; Eugene 1 - Rome 4 |
| TOP OF THE 4TH |
|
Eugene Emeralds batting - Pitching for Rome Braves : RHP Jimmy Loudner
|
|
Batting: RHB Bill Holmes
|
0-0: Foul Ball, location: 2F 0-1: Ground out 4-3 (Groundball, 34, EV 90.0 MPH)
|
|
Batting: RHB Tim Long
|
0-0: Ball 1-0: Ball 2-0: Ball 3-0: Called Strike 3-1: Foul Ball, location: 2F 3-2: Ground out 6-3 (Groundball, 6, EV 80.6 MPH)
|
|
Batting: RHB Jerry Blas
|
0-0: Fly out, F7 (Flyball, 7, EV 81.9 MPH)
|
| Top of the 4th over - 0 runs, 0 hits, 0 errors, 0 left on base; Eugene 1 - Rome 4 |
| BOTTOM OF THE 4TH |
|
Rome Braves batting - Pitching for Eugene Emeralds : RHP Carlos Zavala
|
|
Batting: SHB Jordan Barragan
|
0-0: Ball 1-0: Ball 2-0: Foul Ball, location: 2F 2-1: Foul Ball, location: 2F 2-2: Foul Ball, location: 2F 2-2: Ball 3-2: Foul Ball, location: 2F 3-2: TRIPLE (Flyball, 8LXD, EV 106.9 MPH)
|
|
Batting: LHB Joe Phillips
|
0-0: Ball 1-0: Ball 2-0: Called Strike 2-1: Ball 3-1: Base on Balls
|
|
Pitching: RHP Alvaro Romero
|
|
|
Batting: LHB Ryan Murdock
|
0-0: Ball 1-0: Fielders Choice at 2nd, 4-6 (Groundball, 4MS, EV 86.9 MPH) Jordan Barragan scores
|
|
Batting: RHB Gerard Michel
|
0-0: Ball Ryan Murdock steals 2nd base 1-0: Called Strike 1-1: Ball 2-1: Ball 3-1: Foul Ball, location: 2F 3-2: Ground out 5-3 (Groundball, 56S, EV 87.5 MPH)
|
|
Batting: RHB Adonis Jenifer
|
0-0: Called Strike 0-1: Foul Ball, location: 2F Balk! Ryan Murdock to third 0-2: Ball 1-2: Ball 2-2: Strikes out swinging
|
| Bottom of the 4th over - 1 run, 1 hit, 0 errors, 1 left on base; Eugene 1 - Rome 5 |
| TOP OF THE 5TH |
|
Eugene Emeralds batting - Pitching for Rome Braves : RHP Jimmy Loudner
|
|
Batting: RHB Josh Asch
|
0-0: Ball 1-0: Ball 2-0: Called Strike 2-1: Ball 3-1: Foul Ball, location: 2F 3-2: Base on Balls
|
|
Batting: RHB Jonathan Ridgely
|
0-0: Ball 1-0: Foul Ball, location: 2F 1-1: Ball 2-1: Foul Ball, location: 2F 2-2: Ball Wild Pitch! Josh Asch to second 3-2: Ground out 6-3 (Groundball, 4MS, EV 83.1 MPH) Josh Asch to third
|
|
Batting: RHB Du Kim
|
0-0: Called Strike 0-1: Ball 1-1: Foul Ball, location: 2F 1-2: Ball 2-2: Foul Ball, location: 2F 2-2: Ball 3-2: Strikes out swinging
|
|
Batting: RHB Eric Wiss
|
0-0: Ball 1-0: Ball 2-0: Fly out, F8 (Flyball, 89M, EV 75.0 MPH)
|
| Top of the 5th over - 0 runs, 0 hits, 0 errors, 1 left on base; Eugene 1 - Rome 5 |
| BOTTOM OF THE 5TH |
|
Rome Braves batting - Pitching for Eugene Emeralds : RHP Alvaro Romero
|
|
Batting: SHB Jose Melendez
|
0-0: Ball 1-0: Foul Ball, location: 2F 1-1: SOLO HOME RUN (Flyball, 9D, EV 96.2 MPH), Distance : 381 ft
|
|
Batting: RHB Adrian Billups
|
0-0: Called Strike 0-1: Ball 1-1: Ball 2-1: Ball 3-1: Fly out, F3 (Line Drive, 34, EV 65.0 MPH)
|
|
Batting: RHB Yojiro Hayashi
|
0-0: Reached on error, E2 (Groundball, 13S, EV 61.2 MPH)
|
|
Batting: LHB Javier Rubio
|
0-0: Called Strike Yojiro Hayashi steals 2nd base (no throw) 0-1: Fly out, F8 (Flyball, 8LD, EV 106.2 MPH)
|
|
Batting: SHB Jordan Barragan
|
0-0: Ground out 5-3 (Groundball, 5, EV 85.6 MPH)
|
| Bottom of the 5th over - 1 run, 1 hit, 1 error, 1 left on base; Eugene 1 - Rome 6 |
| TOP OF THE 6TH |
|
Eugene Emeralds batting - Pitching for Rome Braves : RHP Jimmy Loudner
|
|
Batting: RHB Taylor Garofalo
|
0-0: Foul Ball, location: 2F 0-1: Ball 1-1: Ball 2-1: Ground out 4-3 (Groundball, 4, EV 90.0 MPH)
|
|
Batting: RHB Ryan Bush
|
0-0: Ball 1-0: Ball 2-0: Ball 3-0: Called Strike 3-1: Base on Balls
|
|
Batting: RHB Bill Holmes
|
0-0: SINGLE (Line Drive, 8RS, EV 89.4 MPH) Ryan Bush to second
|
|
Batting: RHB Tim Long
|
0-0: Swinging Strike 0-1: Called Strike 0-2: Ball 1-2: Ball 2-2: Ball 3-2: Base on Balls Ryan Bush to third Bill Holmes to second
|
|
Pitching: RHP Jeremy Hurley
|
|
|
Batting: RHB Jerry Blas
|
0-0: Called Strike 0-1: Foul Ball, location: 2F 0-2: Ball 1-2: Grounds into double play, 5-4-3 (Groundball, 56, EV 99.4 MPH)
|
| Top of the 6th over - 0 runs, 1 hit, 0 errors, 2 left on base; Eugene 1 - Rome 6 |
| BOTTOM OF THE 6TH |
|
Rome Braves batting - Pitching for Eugene Emeralds : RHP Alvaro Romero
|
|
Batting: LHB Joe Phillips
|
0-0: Ball 1-0: Ball 2-0: Ball 3-0: Called Strike 3-1: Ground out 4-3 (Groundball, 34, EV 90.0 MPH)
|
|
Batting: LHB Ryan Murdock
|
0-0: Called Strike 0-1: Ball 1-1: Ball 2-1: Fly out, F5 (Popup, 6, EV 73.8 MPH)
|
|
Batting: RHB Gerard Michel
|
0-0: Swinging Strike 0-1: Ground out 6-3 (Groundball, 6, EV 84.4 MPH)
|
| Bottom of the 6th over - 0 runs, 0 hits, 0 errors, 0 left on base; Eugene 1 - Rome 6 |
| TOP OF THE 7TH |
|
Eugene Emeralds batting - Pitching for Rome Braves : RHP Jeremy Hurley
|
|
Batting: RHB Josh Asch
|
0-0: Called Strike 0-1: Ground out 6-3 (Groundball, 6, EV 85.0 MPH)
|
|
Batting: RHB Jonathan Ridgely
|
0-0: Ball 1-0: Ball 2-0: Swinging Strike 2-1: Swinging Strike 2-2: Ball 3-2: Strikes out swinging
|
|
Batting: RHB Du Kim
|
0-0: Ball 1-0: Called Strike 1-1: Ball 2-1: Fly out, F7 (Flyball, 7LD, EV 91.9 MPH)
|
| Top of the 7th over - 0 runs, 0 hits, 0 errors, 0 left on base; Eugene 1 - Rome 6 |
| BOTTOM OF THE 7TH |
|
Rome Braves batting - Pitching for Eugene Emeralds : RHP Alvaro Romero
|
|
Batting: RHB Adonis Jenifer
|
0-0: Ball 1-0: Foul Ball, location: 2F 1-1: Called Strike 1-2: Ball 2-2: Ball 3-2: Foul Ball, location: 2F 3-2: Base on Balls
|
|
Batting: SHB Jose Melendez
|
0-0: Ball 1-0: Called Strike 1-1: Foul Ball, location: 2F 1-2: Ball 2-2: Foul Ball, location: 2F 2-2: Ball 3-2: Fly out, F9 (Flyball, 9LMF, EV 89.4 MPH)
|
|
Batting: RHB Adrian Billups
|
0-0: Ball Wild Pitch! Adonis Jenifer to second 1-0: Ground out 5-3 (Groundball, 56, EV 78.1 MPH)
|
|
Batting: RHB Yojiro Hayashi
|
0-0: Ball 1-0: Called Strike 1-1: Swinging Strike 1-2: Fly out, F8 (Line Drive, 8RD, EV 101.2 MPH)
|
| Bottom of the 7th over - 0 runs, 0 hits, 0 errors, 1 left on base; Eugene 1 - Rome 6 |
| TOP OF THE 8TH |
|
Eugene Emeralds batting - Pitching for Rome Braves : RHP Jeremy Hurley
|
|
Batting: RHB Eric Wiss
|
0-0: Called Strike 0-1: Ball 1-1: Foul Ball, location: 2F 1-2: Foul Ball, location: 2F 1-2: Fly out, F9 (Line Drive, 9, EV 106.9 MPH)
|
|
Batting: RHB Taylor Garofalo
|
0-0: Called Strike 0-1: Called Strike 0-2: Ball 1-2: Foul Ball, location: 2F 1-2: DOUBLE (Groundball, 5L, EV 102.5 MPH)
|
|
Batting: RHB Ryan Bush
|
0-0: Ball 1-0: Ball 2-0: Foul Ball, location: 2F 2-1: SINGLE (Flyball, 4MD, EV 90.6 MPH) Taylor Garofalo to third
|
|
Batting: RHB Bill Holmes
|
0-0: Ball 1-0: Ball 2-0: Fly out, F9 (Line Drive, 9S, EV 107.5 MPH)
|
|
Batting: RHB Tim Long
|
0-0: Ball 1-0: Foul Ball, location: 2F 1-1: Ball 2-1: Foul Ball, location: 2F 2-2: Strikes out looking
|
| Top of the 8th over - 0 runs, 2 hits, 0 errors, 2 left on base; Eugene 1 - Rome 6 |
| BOTTOM OF THE 8TH |
|
Rome Braves batting - Pitching for Eugene Emeralds : RHP Alvaro Romero
|
|
Batting: LHB Javier Rubio
|
0-0: Foul Ball, location: 2F 0-1: Swinging Strike 0-2: Ball 1-2: Ball 2-2: Ball 3-2: SINGLE (Groundball, 3D, EV 94.4 MPH)
|
|
Batting: SHB Jordan Barragan
|
Pickoff Play to 1st, Runner tries for 2nd, OUT after rundown. 0-0: Called Strike 0-1: Ball 1-1: Hit by Pitch
|
|
Batting: LHB Joe Phillips
|
0-0: Ball 1-0: Called Strike 1-1: Fly out, F9 (Line Drive, 9LM, EV 92.5 MPH)
|
|
Batting: LHB Ryan Murdock
|
0-0: Called Strike Balk! Jordan Barragan to second 0-1: Ball 1-1: Foul Ball, location: 2F 1-2: DOUBLE (Flyball, 8LXD, EV 94.4 MPH) Jordan Barragan scores
|
|
Batting: RHB Gerard Michel
|
0-0: Ball 1-0: SINGLE (Groundball, 56S, EV 73.8 MPH) (infield hit) Ryan Murdock to third
|
|
Batting: RHB Adonis Jenifer
|
0-0: SINGLE (Flyball, 78S, EV 92.5 MPH) Ryan Murdock scores Gerard Michel to second
|
|
Batting: SHB Jose Melendez
|
0-0: Called Strike 0-1: Foul Ball, location: 2F 0-2: Ball 1-2: Ball 2-2: Ball 3-2: 3-RUN HOME RUN (Flyball, 7D, EV 94.4 MPH), Distance : 380 ft
|
|
Pinch Hitting: LHB Malik Boulay
|
0-0: Ball 1-0: Ground out U3 (Groundball, 3, EV 85.6 MPH)
|
| Bottom of the 8th over - 5 runs, 5 hits, 0 errors, 0 left on base; Eugene 1 - Rome 11 |
| TOP OF THE 9TH |
|
Eugene Emeralds batting - Pitching for Rome Braves : RHP Jeremy Hurley
|
|
Now at 2B: Malik Boulay
|
|
|
Now at SS: Joe Phillips
|
|
|
Batting: RHB Jerry Blas
|
0-0: Foul Ball, location: 2F 0-1: Swinging Strike 0-2: Ball 1-2: Ball 2-2: Strikes out swinging
|
|
Batting: RHB Josh Asch
|
0-0: Foul Ball, location: 2F 0-1: Foul Ball, location: 2F 0-2: Foul Ball, location: 2F 0-2: Fly out, F7 (Flyball, 78M, EV 78.8 MPH)
|
|
Batting: RHB Jonathan Ridgely
|
0-0: Called Strike 0-1: Foul Ball, location: 2F 0-2: Ball 1-2: Ball 2-2: Fly out, F8 (Flyball, 8LD, EV 106.2 MPH)
|
| Top of the 9th over - 0 runs, 0 hits, 0 errors, 0 left on base; Eugene 1 - Rome 11 |
|